 Dungeon Crawl Stone Soup version 0.24-a0-232-g49d9ff8 (webtiles) character file.

Game seed: 2952482328675896585

3763 Ijustatesigmund the Cleaver (level 10, -13/72 HPs)
             Began as an Octopode Fighter on Apr 4, 2019.
             Was a Believer of Cheibriados.
             Mangled by a two-headed ogre
             ... wielding a cursed -2 giant club
              (14 damage)
             ... on level 9 of the Dungeon.
             The game lasted 00:17:17 (8574 turns).

Ijustatesigmund the Cleaver (Octopode Fighter)      Turns: 8574, Time: 00:17:19

Health: -13/72     AC:  1    Str: 24    XL:     10   Next: 15%
Magic:  22/22      EV: 15    Int: 19    God:    Cheibriados [**....]
Gold:   363        SH: 19    Dex: 18    Spells: 9/9 levels left

rFire    . . .     SeeInvis +   a - +4 war axe
rCold    . . .     Gourm    .   b - +4 shield
rNeg     . . .     Faith    .   (helmet restricted)
rPois    .         Spirit   .   (no amulet)
rElec    .         Reflect  .   e - ring of magical power
rCorr    .         Harm     .   i - ring of see invisible
MR       .....                  k - +3 ring of intelligence
Stlth    ++++......             r - +5 ring of strength
HPRegen  0.22/turn              (no ring)
MPRegen  0.18/turn              (no ring)
                                (no ring)
                                (no ring)

@: very slow
A: almost no armour, stealthy swim, amphibious, 8 rings, constrict 8, large bone
plates 1, camouflage 1, blurry vision 1, gelatinous body 1, evolution 1,
MP-powered wands
a: Bend Time, Renounce Religion


You were on level 9 of the Dungeon.
You worshipped Cheibriados.
Cheibriados was pleased with you.
You were hungry.

You visited 2 branches of the dungeon, and saw 10 of its levels.
You also visited: Ossuary.

You collected 577 gold pieces.
You spent 214 gold pieces at shops.

Inventory:

Hand Weapons
 a - a +4 war axe (weapon)
 u - a cursed +3 morningstar
 y - a +2 flail of protection
 z - a +1 war axe
Armour
 b - a +4 shield (worn)
Jewellery
 e - a ring of magical power (left tentacle)
 i - a ring of see invisible (right tentacle)
 k - a +3 ring of intelligence (on tentacle)
 r - a +5 ring of strength (on tentacle)
Wands
 n - a wand of iceblast (2)
Scrolls
 m - 3 scrolls of remove curse
 o - a scroll of silence {unknown}
 p - 7 scrolls of identify
 q - 7 scrolls of teleportation
 s - a scroll of fog
 t - 2 scrolls of amnesia
 A - a scroll of immolation
Potions
 c - 4 potions of might
 f - 2 potions of flight
 g - a potion of heal wounds
 h - 3 potions of curing
 j - 5 potions of brilliance
 l - a potion of agility
 v - a potion of mutation
 w - a potion of lignification
 x - a potion of invisibility
Comestibles
 d - 16 rations


   Skills:
 + Level 7.7 Fighting
 + Level 8.5 Axes
 - Level 5.7 Dodging
 - Level 4.0 Stealth
 - Level 5.7 Shields
 + Level 3.9 Invocations
 + Level 4.1 Evocations


You had 9 spell levels left.
You didn't know any spells.
Your spell library contained the following spells:

 Spells                   Type           Power        Failure   Level  Hunger
 Animate Skeleton         Necr           N/A          56%         1    ##.....
 Pain                     Necr           #...         56%         1    ##.....
 Regeneration             Chrm/Necr      #.........   90%         3    ####...
 Vampiric Draining        Necr           #.........   90%         3    ####...
 Animate Dead             Necr           N/A          100%        4    #####..


Dungeon Overview and Level Annotations

Branches:
Dungeon (9/15)             Temple (1/1) D:6             Orc (0/2) D:9
   Lair: D:8-11

Altars:
Ashenzari
Cheibriados
Dithmenos
Elyvilon
Fedhas
Gozag
Hepliaklqana
Kikubaaqudgha
Makhleb
Nemelex Xobeh
Okawaru
Qazlal
Ru
Sif Muna
Trog
Uskayaw
Vehumet
Wu Jian
Xom
Yredelemnul
Zin
The Shining One

Shops:
D:4 =?=:   D:8 (


Innate Abilities, Weirdness & Mutations

You cannot wear most types of armour.
You are very stealthy in the water. (Stealth+)
You are amphibious.
You can wear up to eight rings at the same time.
You can use your tentacles to constrict eight enemies at once.
Your skin changes colour to match your surroundings (Stealth+).
Your rubbery body absorbs attacks. (AC +1, EV +1)
You are partially covered in large bone plates. (SH +4)
Scrolls take you a little longer to read.
You evolve.
You expend magic power (3 MP) to strengthen your wands.


Message History

You are too injured to fight recklessly!
You are too injured to fight recklessly!
You are too injured to fight recklessly!
You are too injured to fight recklessly!
You are too injured to fight recklessly!
You are too injured to fight recklessly!
You are too injured to fight recklessly!
You are too injured to fight recklessly!
You are too injured to fight recklessly!
You are too injured to fight recklessly!
You are too injured to fight recklessly!
You are too injured to fight recklessly!
You slash the two-headed ogre!
The two-headed ogre is lightly wounded.
You hit the hippogriff. You block the hippogriff's attack.
The hippogriff closely misses you. The hippogriff claws you.
The two-headed ogre hits you with a cursed -2 giant club!!
* * * LOW HITPOINT WARNING * * *
The two-headed ogre hits you with a +0 giant club!
You die...

#..# #..#
#..# #..#
#..#
########..#
..........#
...W...$..#
.$.....@..#
.......OH.#
..........#
..........#
....?.....#
..........#
..........#
..........#


You could see a two-headed ogre, a hippogriff and a phantom.

Vanquished Creatures
  Sigmund (D:2)
  Eustachio (D:6)
  2 ice beasts (D:7)
  2 orc warriors
  2 black bears
  4 ogres
  A centaur (D:5)
  2 necrophages
  A phantom (D:5)
  3 elf zombies (Ossuary)
  2 big kobolds
  A gnoll sergeant (D:2)
  A wyvern zombie (D:8)
  A bullfrog (D:7)
  2 scorpions
  12 wights
  A howler monkey (D:5)
  2 crimson imps (D:5)
  A jelly (D:5)
  2 human zombies (Ossuary)
  A bullfrog skeleton (D:5)
  A centaur skeleton (D:6)
  2 hounds
  2 centaur zombies (Ossuary)
  An orc priest (D:8)
  An iguana (D:8)
  6 orc wizards
  5 worker ants
  A big kobold zombie (Ossuary)
  A hound zombie (D:8)
  3 mummies (Ossuary)
  A worker ant zombie (D:9)
  5 gnolls (D:3)
  12 adders
  A shadow imp (D:6)
  5 oozes
  An adder skeleton (D:5)
  3 adder zombies (Ossuary)
  4 worms
  A dart slug (D:1)
  5 leopard geckos
  18 orcs
  5 giant cockroaches
  A gnoll zombie (Ossuary)
  5 hobgoblins
  3 quokkas
  2 ball pythons (D:3)
  9 bats
  5 frilled lizards
  5 goblins
  3 goblin zombies
  3 hobgoblin zombies (Ossuary)
  A jackal skeleton (D:6)
  2 jackal zombies (Ossuary)
  22 kobolds
  2 kobold zombies (Ossuary)
  A leopard gecko skeleton (D:6)
  3 orc zombies (Ossuary)
  5 quokka zombies
  8 rats
  7 rat zombies (Ossuary)
216 creatures vanquished.

Notes
Turn   | Place    | Note
-------+----------+-------------------------------------------
     0 | D:1      | Ijustatesigmund the Octopode Fighter began the quest for
                  | the Orb.
     0 | D:1      | Reached XP level 1. HP: 16/16 MP: 1/1
   145 | D:1      | Reached XP level 2. HP: 21/21 MP: 2/2
   522 | D:1      | Reached XP level 3. HP: 19/26 MP: 3/3
   752 | D:2      | Reached skill level 3 in Axes
   783 | D:2      | Reached XP level 4. HP: 24/31 MP: 4/4
  1543 | D:2      | Noticed Sigmund
  1550 | D:2      | Killed Sigmund
  1550 | D:2      | Reached skill level 4 in Axes
  1550 | D:2      | Reached XP level 5. HP: 35/37 MP: 5/5
  1550 | D:2      | Reached XP level 6. HP: 41/43 MP: 6/6
  2343 | D:3      | Found an iron altar of Okawaru.
  2443 | D:4      | Found Faiqudou's Jewellery Boutique.
  2451 | D:4      | Found Talyil's Book Shoppe.
  2477 | D:4      | Found Mugg's Magic Scroll Boutique.
  2484 | D:4      | Bought a scroll of identify for 26 gold pieces
  2484 | D:4      | Bought 3 scrolls of teleportation for 117 gold pieces
  2484 | D:4      | Bought a scroll of fear for 45 gold pieces
  2484 | D:4      | Bought a scroll of fog for 26 gold pieces
  2516 | D:4      | Reached XP level 7. HP: 19/49 MP: 7/7
  2787 | D:4      | Found Feamp's Jewellery Shoppe.
  3114 | D:4      | Found a sparkling altar of Nemelex Xobeh.
  3250 | D:4      | Reached skill level 5 in Axes
  3288 | D:5      | Entered Level 5 of the Dungeon
  3551 | D:5      | Reached XP level 8. HP: 32/54 MP: 8/8
  3665 | D:5      | Reached skill level 5 in Fighting
  3665 | D:5      | Reached skill level 6 in Axes
  3665 | D:5      | Reached skill level 5 in Dodging
  3665 | D:5      | Reached skill level 5 in Shields
  3695 | D:5      | Found a sand-covered staircase.
  3706 | Ossuary  | Entered an ossuary
  4031 | Ossuary  | Reached skill level 1 in Stealth
  4516 | Ossuary  | Gained mutation: You are partially covered in large bone
                  | plates. (SH +4) [potion of mutation]
  4516 | Ossuary  | Gained mutation: You evolve. [potion of mutation]
  4529 | Ossuary  | Gained mutation: You expend magic power (3 MP) to
                  | strengthen your wands. [evolution]
  4764 | D:5      | Reached skill level 7 in Axes
  5239 | D:6      | Noticed Eustachio
  5793 | D:6      | Reached XP level 9. HP: 45/62 MP: 9/9
  5797 | D:6      | Killed Eustachio
  6060 | D:6      | Found a staircase to the Ecumenical Temple.
  6603 | Temple   | Entered the Ecumenical Temple
  6792 | Temple   | Became a worshipper of Cheibriados the Contemplative
  6850 | D:7      | Reached skill level 1 in Evocations
  6994 | D:7      | Reached skill level 1 in Invocations
  7048 | D:7      | Gained mutation: Scrolls take you a little longer to read.
                  | [evolution]
  7282 | D:7      | Found a hide-covered altar of Uskayaw.
  7283 | D:7      | Found a glowing silver altar of Zin.
  7291 | D:7      | Reached * piety under Cheibriados
  7406 | D:8      | Reached skill level 8 in Axes
  8052 | D:8      | Reached XP level 10. HP: 56/71 MP: 12/12
  8069 | D:8      | Found a shadowy altar of Dithmenos.
  8116 | D:8      | Found Ikocuippi's Weapon Shoppe.
  8312 | D:9      | Found a staircase to the Orcish Mines.
  8419 | D:9      | Reached ** piety under Cheibriados
  8565 | D:9      | Noticed a two-headed ogre
  8574 | D:9      | HP: 1/72 [two-headed ogre/cursed -2 giant club (28)]
  8574 | D:9      | Mangled by a two-headed ogre

Levels and vault maps discovered:
D:1:      psy_arrival_wood_between_worlds, layout_basic
D:2:      layout_basic, serial_glass, glass_columns_c, glass_columns_a,
          minmay_randomly_rotated_circles, uniq_sigmund
D:3:      layout_basic, kennysheep_okawaru_gauntlet
D:4:      layout_gridville, serial_shops, nicolae_shop_crystal, shop,
          nicolae_shop_statue_plus, nicolae_shop_competitors_out_of_business,
          nemelex_dance_club_becter
D:5:      layout_basic, enter_ossuary_4, first_ration
D:6:      minmay_chambers_of_sixes, layout_cave_pools, temple_green,
          uniq_eustachio
D:7:      layout_basic, gammafunk_temple_overflow_pools
D:8:      layout_basic, nicolae_dithmenos_shadow_blocks, serial_shops, shop
D:9:      cheibrodos_wizards_tower, layout_long_grid, dpeg_oklobed_lair,
          orc_david_3, gammafunk_ghost_arena
Temple:   eino_narrow_crystal_temple
Ossuary:  minmay_ossuary_two_tombs

Skill      XL: |  1  2  3  4  5  6  7  8  9 10 |
---------------+-------------------------------+-----
Axes           | 3 4 5 7 8 |  8.5
Fighting       | 4 6 7 |  7.7
Dodging        | 4 5 |  5.7
Shields        | 4 5 |  5.7
Stealth        | 4 |  4.0
Evocations     | 3 4 |  4.1
Invocations    | 3 |  3.9

Action                   |  1- 3 |  4- 6 |  7- 9 | 10-12 || total
-------------------------+-------+-------+-------+-------++-------
Melee: War axe           |    49 |    84 |   281 |    42 ||   456
       Constrict         |    11 |    27 |    63 |    12 ||   113
       Tentacles         |    13 |    19 |    68 |    10 ||   110
Evoke: Wand              |       |       |     4 |       ||     4
  Use: Scroll            |     3 |    12 |     7 |     2 ||    24
       Potion            |       |       |     3 |       ||     3
 Stab: Sleeping          |     3 |     8 |    11 |     2 ||    24
  Eat: Ration            |       |     1 |     4 |       ||     5
       Chunk             |       |     1 |     3 |     1 ||     5
Armor: Skin              |     3 |     7 |     9 |       ||    19
Dodge: Dodged            |    28 |    34 |    94 |    13 ||   169
Block: Shield            |    19 |    44 |   226 |    46 ||   335

Table legend:
 A = Non-vault XP
 B = Vault XP
 C = Vault XP percentage of total XP
 D = Non-vault monster count
 E = Vault monster count
 F = Vault count percentage of total count
                 A         B        C        D         E       F
            +---------+---------+-------+---------+---------+-------
      Total |    3925 |    1452 |  27.0 |     153 |      63 |  29.2
            +---------+---------+-------+---------+---------+-------
        D:1 |      40 |       0 |   0.0 |      17 |       0 |   0.0
        D:2 |     188 |     251 |  57.2 |      18 |       7 |  28.0
        D:3 |     116 |       4 |   3.3 |      29 |       2 |   6.5
        D:4 |     194 |      10 |   4.9 |       3 |       2 |  40.0
        D:5 |     945 |       2 |   0.2 |      24 |       2 |   7.7
        D:6 |     321 |     442 |  57.9 |      14 |       5 |  26.3
        D:7 |     795 |       0 |   0.0 |      16 |       0 |   0.0
        D:8 |    1122 |       0 |   0.0 |      21 |       0 |   0.0
        D:9 |     204 |     147 |  41.9 |      11 |       7 |  38.9
    Ossuary |       0 |     596 | 100.0 |       0 |      38 | 100.0
            +---------+---------+-------+---------+---------+-------
